 Dungeon Crawl Stone Soup version 0.18-a0-1147-g8e8348b (webtiles) character file.

50 namelastname112 the Scratcher (level 3, -1/15 HPs)
             Began as a Felid Transmuter on Jan 22, 2016.
             Slain by an adder (5 damage)
             ... on level 2 of the Dungeon.
             The game lasted 00:02:52 (1315 turns).

namelastname112 the Scratcher (Felid Transmuter)    Turns: 1315, Time: 00:02:53

Health: -1/15      AC:  1    Str:  6    XL:     3   Next: 55%
Magic:  7/7        EV: 18    Int: 15    God:
Gold:   105        SH:  0    Dex: 16    Spells: 3 memorised, 0 levels left
                                        Lives:  0   Deaths: 0

rFire  . . .     SeeInvis +       - Unarmed
rCold  . . .     Gourm    .     (armour unavailable)
rNeg   . . .     Faith    .     (shield unavailable)
rPois  .         Spirit   .     (helmet unavailable)
rElec  .         Dismiss  .     (cloak unavailable)
rCorr  .         Reflect  .     (gloves unavailable)
SustAt .         Harm     .     (boots unavailable)
MR     .....                    (no amulet)
Stlth  +++.......               (no ring)
                                (no ring)

@: lethally poisoned (-1 -> -3), appendage (expiring), quick, not resistant to
hostile enchantments, fairly stealthy
A: no armour, no weapons or thrown items, claws 1, fangs 3, horns 2, see
invisible, carnivore 3, speed 1, shaggy fur 1, slow metabolism 1, sharp paws
a: End Transformation


You were on level 2 of the Dungeon.
You were very full.
You had grown temporary horns.
You visited 1 branch of the dungeon, and saw 2 of its levels.

You collected 105 gold pieces.

Inventory:

Missiles
 a - 26 arrows
Jewellery
 k - an uncursed ring of flight {unknown}
Scrolls
 e - 2 scrolls of identify {unknown}
 h - a scroll of recharging {unknown}
 j - a scroll of magic mapping {unknown}
Potions
 f - 2 potions of lignification {unknown}
 i - a potion of heal wounds {unknown}
Books
 b - a book of Changes

   Spells                             Type                      Level
   a - Beastly Appendage              Transmutation                1
   b - Sticks to Snakes               Transmutation                2
   c - Spider Form                    Transmutation/Poison         3
   d - Ice Form                       Ice/Transmutation            4
   e - Blade Hands                    Transmutation                5
Comestibles
 c - 4 meat rations
 d - a slice of pizza
 g - a chunk of flesh


   Skills:
 + Level 1.3 Fighting
 + Level 3.0 Dodging
 + Level 1.9 Stealth
 + Level 3.4 Unarmed Combat
 * Level 2.4 Spellcasting
 * Level 2.6 Transmutations


You couldn't memorise any spells.
You knew the following spells:

 Your Spells              Type           Power        Failure   Level  Hunger
a - Beastly Appendage     Trmt           #.....       10%         1    #......
b - Spider Form           Trmt/Pois      #.........   43%         3    ###....
x - Sticks to Snakes      Trmt           #.......     12%         2    ###....


Dungeon Overview and Level Annotations

Branches:
Dungeon (2/15)

Altars:


Innate Abilities, Weirdness & Mutations

You cannot wear armour.
You are incapable of wielding weapons or throwing items.
You have sharp claws.
You have razor-sharp teeth.
You have supernaturally acute eyesight.
You are carnivorous and can eat meat at any time.
You cover ground quickly.
You are covered in fur (AC +1).
You have a slow metabolism.
Your sharp claws are effective at attacking unaware monsters.
You have a pair of horns on your head.


Message History

You feel sick. The adder completely misses you.
You barely miss the adder. Your headbutt misses the adder.
Your bite misses the adder.
The adder is lightly wounded.
The adder barely misses you.
Unknown command.
You miss the adder.
The adder is lightly wounded.
The adder completely misses you.
You miss the adder.
The adder is lightly wounded.
The adder closely misses you. The adder bites you.
You closely miss the adder.
The adder is lightly wounded.
You feel sick. The adder misses you.
Unknown command.
You miss the adder.
The adder is lightly wounded.
The adder bites you.
You die...

### ## ##########.##
#.# #...........####.#
#.#..#.#.....##.#
#..@.#..........#
#.#S##.#.....##.##
#.##.#g##.##...####.###
#.........###.## ##...
#.........# ### ##.#
#.#..#.#...... #####.#
# #..#.#.....!(##.....#
#....#...............
#.##.#........#.#####


You could see an adder and a goblin.

Vanquished Creatures
  A gnoll (D:1)
  An adder (D:2)
  2 giant cockroaches
  4 hobgoblins
  6 kobolds
  3 ball pythons (D:1)
  A bat (D:1)
  A giant newt (D:1)
  4 goblins (D:1)
  6 rats
29 creatures vanquished.

Vanquished Creatures (collateral kills)
  A bat (D:1)
  A goblin (D:1)
  A kobold (D:1)
3 creatures vanquished.

Grand Total: 32 creatures vanquished

Notes
Turn   | Place    | Note
--------------------------------------------------------------
     0 | D:1      | namelastname112 the Felid Transmuter began the quest for the Orb.
     0 | D:1      | Reached XP level 1. HP: 9/9 MP: 4/4
   337 | D:1      | Reached XP level 2. HP: 8/12 MP: 4/6
   351 | D:1      | Learned a level 2 spell: Sticks to Snakes
   457 | D:1      | Reached skill level 1 in Stealth
   631 | D:1      | Reached XP level 3. HP: 7/15 MP: 5/7
   999 | D:1      | Learned a level 3 spell: Spider Form
  1315 | D:2      | Slain by an adder

Vault maps used:
D:1:      tarquinn_simple_flora_water_a
D:2:      nicolae_dithmenos_through_a_glass_darkly, wad_orctagon,
          uniq_crazy_yiuf_cottage

Action                   || total
-------------------------++-------
Melee: Unarmed           ||    96
 Cast: Beastly Appendage ||     9
       Sticks to Snakes  ||     4
 Stab: Sleeping          ||     5
  Eat: Chunk             ||     8
